 Dungeon Crawl Stone Soup version 0.28-a0-381-g937acc2988 (webtiles) character file.

Game seed: 13370288166387035734

81 Shayle the Insei (level 4, -5/34 HPs)
             Began as a Djinni Warper on Sept 2, 2021.
             Slain by an iguana (8 damage)
             ... on level 2 of the Dungeon.
             The game lasted 00:07:31 (4174 turns).

Shayle the Insei (Djinni Warper)                    Turns: 4174, Time: 00:07:32

Health: -5/34      AC:  5    Str: 10    XL:     4   Next: 67%
Gold:   6          EV: 12    Int: 15    God:
                   SH:  0    Dex: 13

rFire   + + .      SeeInvis .   i - +0 dagger (vamp)
rCold   x . .      Faith    .   (no shield)
rNeg    . . .      Spirit   .   a - +0 leather armour
rPois   ∞          Reflect  .   c - +0 helmet
rElec   .          Harm     .   d - +0 cloak
rCorr   .          Rampage  .   (no gloves)
Will    .....                   (boots unavailable)
Stlth   +.........              (no amulet)
HPRegen 0.11/turn               (no ring)
MPRegen 0.00/turn               (no ring)

@: flying
A: sickness immunity, fire resistance 2, cold vulnerability 1, float, innate
caster, hp casting, extra vitality 1
a: no special abilities


You were on level 2 of the Dungeon.
You visited 1 branch of the dungeon, and saw 3 of its levels.

You collected 160 gold pieces.
You spent 154 gold pieces at shops.

Inventory:

Hand Weapons
 i - a +0 vampiric dagger (weapon)
Armour
 a - a +0 leather armour (worn)
 c - a +0 helmet (worn)
 d - a +0 cloak (worn)
Potions
 b - 2 potions of berserk rage
 e - a potion of lignification
 f - a potion of curing
 g - a potion of flight {unknown}
 h - a potion of attraction {unknown}


   Skills:
 + Level 2.7 Fighting
 - Level 0.7 Throwing
 - Level 1.0 Armour
 + Level 3.1 Dodging
 * Level 3.5 Unarmed Combat
 - Level 2.4 Spellcasting


You couldn't memorise any spells.
You knew the following spells:

 Your Spells              Type           Power      Damage    Failure   Level
a - Blink                 Tloc           N/A        N/A       16%         2
b - Lesser Beckoning      Tloc           9%         N/A       32%         3
c - Gell's Gravitas       Tloc           4%         N/A       32%         3
d - Teleport Other        Tloc           9%         N/A       32%         3
e - Manifold Assault      Tloc           9%         N/A       96%         5
f - Corona                Hex            10%        N/A       11%         1
Your spell library was empty.

Dungeon Overview and Level Annotations

Branches:
Dungeon (3/15)

Altars:
Qazlal

Shops:
D:1 !


Innate Abilities, Weirdness & Mutations

You are immune to sickness and miasma.
You are immune to poison.
Your flesh is very heat resistant. (rF++)
You are vulnerable to cold. (rC-)
You float through the air rather than walking.
You learn spells naturally, not from books.
Your magical power is your life essence.
You have superior vitality. (+4 HP)


Message History

The iguana is moderately wounded.
The iguana barely misses you.
You hit the iguana but do no damage.
The iguana is moderately wounded.
The iguana closely misses you.
You hit the iguana.
The iguana is heavily wounded.
The iguana bites you.
You barely miss the iguana.
The iguana is heavily wounded.
The iguana bites you.
You hit the iguana but do no damage.
The iguana is heavily wounded.
The iguana barely misses you.
You barely miss the iguana.
The iguana is heavily wounded.
The iguana bites you!
You hit the iguana but do no damage.
The iguana is heavily wounded.
The iguana closely misses you.
You barely miss the iguana. You punch the iguana.
The iguana is severely wounded.
The iguana closely misses you.
You barely miss the iguana.
The iguana is severely wounded.
The iguana bites you!
You hit the iguana. You punch the iguana, but do no damage.
The iguana is almost dead.
The iguana misses you.
You hit the iguana but do no damage.
The iguana is almost dead.
The iguana barely misses you.
You barely miss the iguana.
The iguana is almost dead.
The iguana bites you!
* * * LOW HITPOINT WARNING * * *
You hit the iguana but do no damage.
The iguana is almost dead.
The iguana bites you!
You die...

###### ###############....#
##.....##.....##....#
##..............#....#
#..................†.#
#########......l...........>.#
.......##.......@............#
###......................?...#
....####.....................#
.......##....................#
.>.....###..............#....#
.......# ##.....#......#######
.......# ###...##[###..##########
.......###...####.###.###........
............## #.#...# #........


You could see an iguana.

Vanquished Creatures
  Robin (D:1)
  2 adders
  2 worms (D:2)
  A dart slug (D:1)
  2 bats (D:1)
  An endoplasm (D:1)
  A giant cockroach (D:2)
  13 goblins
  6 hobgoblins
  2 jackals (D:1)
  2 quokkas (D:2)
  3 ball pythons (D:2)
  A frilled lizard (D:1)
  2 kobolds (D:1)
39 creatures vanquished.

Notes
Turn   | Place    | Note
-------+----------+-------------------------------------------
     0 | D:1      | Shayle the Djinni Warper began the quest for the Orb.
     0 | D:1      | Reached XP level 1. HP: 18/18 MP: 0/0
   447 | D:1      | Reached XP level 2. HP: 15/23 MP: 0/0
   619 | D:1      | Found a faded altar of an unknown god.
  1726 | D:1      | Found Qasa's Distillery.
  1735 | D:1      | Bought a potion of curing for 33 gold pieces
  1739 | D:1      | You are sucked into a shaft and drop 1 floor!
  1785 | D:2      | Reached XP level 3. HP: 8/29 MP: 0/0
  1785 | D:2      | Learned a level 1 spell: Corona
  2542 | D:2      | Noticed Robin
  2746 | D:1      | Reached XP level 4. HP: 26/34 MP: 0/0
  2848 | D:1      | Killed Robin
  3857 | D:3      | Noticed a necrophage
  3967 | D:3      | Found a stormy altar of Qazlal.
  4064 | D:1      | Bought a potion of lignification for 33 gold pieces
  4064 | D:1      | Bought a potion of berserk rage for 55 gold pieces
  4064 | D:1      | Bought a potion of curing for 33 gold pieces
  4174 | D:2      | Slain by an iguana

Illustrated notes

Levels and vault maps discovered:
D:1:      dpeg_arrival_water_fire, layout_basic, serial_shops, shop_fountains,
          chequers_ecumenical_altar_grove
D:2:      layout_rooms, uniq_robin
D:3:      minmay_octagon_keep, layout_basic, amcnicky_altar_gilded,
          evilmike_ruin_ashenzari, minmay_fractal_squares_diagonal_5

Skill      XL: |  1  2  3  4 |
---------------+-------------+-----
Unarmed Combat | 3 |  3.5
Dodging        | 3 |  3.1
Fighting       | |  2.7
Throwing       | |  0.7
Armour         | |  1.0
Spellcasting   | |  2.4

Action                   |  1- 3 |  4- 6 || total
-------------------------+-------+-------++-------
Melee: Unarmed           |   164 |       ||   164
       Punch             |     4 |     2 ||     6
       Dagger            |    19 |   145 ||   164
Throw: Boomerang         |     3 |     2 ||     5
 Cast: Corona            |       |     2 ||     2
  Use: Potion            |     2 |       ||     2
       Scroll            |     1 |     3 ||     4
Armor: Leather armour    |    65 |    21 ||    86
Dodge: Dodged            |   112 |    67 ||   179

Table legend: (Time is in decaauts)
 A = Elapsed time spent in this place.
 B = Non-inter-level travel time spent in this place.
 C = Inter-level travel time spent in this place.
 D = Time resting spent in this place.
 E = Time spent auto-exploring this place.
 F = Levels seen in this place.
 G = Mean time per level.
                   A        B        C        D        E       F      G
               +--------+--------+--------+--------+--------+-----+--------+
         Total |   4177 |   4028 |    149 |   1759 |   1371 |   3 | 1392.3 |
       Dungeon |   4177 |   4028 |    149 |   1759 |   1371 |   3 | 1392.3 |
               +--------+--------+--------+--------+--------+-----+--------+

Top non-repeatable levels by time:
     D:1: 2560 daAuts
     D:2: 1439 daAuts
     D:3: 177 daAuts
